| TOP OF THE 1ST |
|
Lakewood BlueClaws batting - Pitching for Fort Wayne TinCaps : RHP Derek Ziolkowski
|
|
Pitching: RHP Derek Ziolkowski
|
|
|
Batting: LHB Matt Urbanek
|
0-0: Called Strike 0-1: Foul Ball, location: 2F 0-2: Ground out 5-3 (Groundball, 56, EV 93.1 MPH)
|
|
Batting: SHB Steve DeRienzo
|
0-0: Ball 1-0: Called Strike 1-1: Foul Ball, location: 2F 1-2: Ball 2-2: Foul Ball, location: 2F 2-2: DOUBLE (Groundball, 3L, EV 96.9 MPH)
|
|
Batting: RHB Alan Weller
|
0-0: Ball 1-0: Called Strike 1-1: Foul Ball, location: 2F 1-2: Foul Ball, location: 2F 1-2: Strikes out swinging
|
|
Batting: LHB Josh George
|
0-0: Ball 1-0: Foul Ball, location: 2F 1-1: Ball 2-1: Fly out, F8 (Flyball, 78XD, EV 101.2 MPH)
|
| Top of the 1st over - 0 runs, 1 hit, 0 errors, 1 left on base; Lakewood 0 - Fort Wayne 0 |
| BOTTOM OF THE 1ST |
|
Fort Wayne TinCaps batting - Pitching for Lakewood BlueClaws : RHP Shamar Hansford
|
|
Pitching: RHP Shamar Hansford
|
|
|
Batting: RHB Cesar Ortega
|
0-0: Ground out 6-3 (Groundball, 6, EV 79.4 MPH)
|
|
Batting: RHB John Freeman
|
0-0: Ball 1-0: Called Strike 1-1: Ball 2-1: Called Strike 2-2: Fly out, F8 (Flyball, 8LM, EV 96.9 MPH)
|
|
Batting: RHB Jim Miske
|
0-0: Called Strike 0-1: Ground out 4-3 (Groundball, 4, EV 101.2 MPH)
|
| Bottom of the 1st over - 0 runs, 0 hits, 0 errors, 0 left on base; Lakewood 0 - Fort Wayne 0 |
| TOP OF THE 2ND |
|
Lakewood BlueClaws batting - Pitching for Fort Wayne TinCaps : RHP Derek Ziolkowski
|
|
Batting: RHB Mike Maserang
|
0-0: Called Strike 0-1: Fly out, F7 (Flyball, 7, EV 97.5 MPH)
|
|
Batting: LHB Eric Farren
|
0-0: Fly out, F7 (Flyball, 7LSF, EV 88.8 MPH)
|
|
Batting: RHB Juan Valadez
|
0-0: Called Strike 0-1: Foul Ball, location: 2F 0-2: Ground out 6-3 (Groundball, 6, EV 84.4 MPH)
|
| Top of the 2nd over - 0 runs, 0 hits, 0 errors, 0 left on base; Lakewood 0 - Fort Wayne 0 |
| BOTTOM OF THE 2ND |
|
Fort Wayne TinCaps batting - Pitching for Lakewood BlueClaws : RHP Shamar Hansford
|
|
Batting: RHB Gary Horgan
|
0-0: Ball 1-0: Ball 2-0: Ball 3-0: Called Strike 3-1: Foul Ball, location: 2F 3-2: Ground out 2-3 (Groundball, 2L, EV 73.8 MPH)
|
|
Batting: RHB Ben Welt
|
0-0: Ball 1-0: Called Strike 1-1: Ball 2-1: Ball 3-1: Called Strike 3-2: Foul Ball, location: 2F 3-2: Strikes out looking
|
|
Batting: LHB Dean Luttman
|
0-0: SINGLE (Groundball, 34D, EV 103.1 MPH)
|
|
Batting: RHB Bill Vives
|
0-0: Called Strike 0-1: Ball 1-1: Ball 2-1: SINGLE (Line Drive, 78S, EV 92.5 MPH) Dean Luttman to second
|
|
Batting: RHB Paul Wood
|
0-0: SINGLE (Groundball, 56D, EV 96.2 MPH) Dean Luttman to third Bill Vives to second Runner from 3rd tries for Home, throw by LF and OUT! 7-2
|
| Bottom of the 2nd over - 0 runs, 3 hits, 0 errors, 2 left on base; Lakewood 0 - Fort Wayne 0 |
| TOP OF THE 3RD |
|
Lakewood BlueClaws batting - Pitching for Fort Wayne TinCaps : RHP Derek Ziolkowski
|
|
Batting: RHB Trent Hedrick
|
0-0: Ball 1-0: SINGLE (Groundball, 56D, EV 102.5 MPH)
|
|
Batting: RHB Danny Habermehl
|
0-0: Ball 1-0: Called Strike 1-1: Fly out, F9 (Flyball, 9LM, EV 101.9 MPH)
|
|
Batting: LHB Matt Urbanek
|
0-0: Ball 1-0: Ball 2-0: Called Strike 2-1: Ball 3-1: Foul Ball, location: 2F 3-2: Strikes out swinging
|
|
Batting: SHB Steve DeRienzo
|
0-0: Called Strike 0-1: Called Strike 0-2: Ball 1-2: Ball 2-2: Foul Ball, location: 2F 2-2: Ball Trent Hedrick steals 2nd base 3-2: SINGLE (Groundball, 34S, EV 73.8 MPH) (infield hit) Trent Hedrick to third
|
|
Batting: RHB Alan Weller
|
0-0: Swinging Strike 0-1: Ball 1-1: Foul Ball, location: 2F 1-2: Foul Ball, location: 2F 1-2: Fly out, F9 (Flyball, 9LSF, EV 88.8 MPH)
|
| Top of the 3rd over - 0 runs, 2 hits, 0 errors, 2 left on base; Lakewood 0 - Fort Wayne 0 |
| BOTTOM OF THE 3RD |
|
Fort Wayne TinCaps batting - Pitching for Lakewood BlueClaws : RHP Shamar Hansford
|
|
Batting: RHB Slamet Pamungkas
|
0-0: Fly out, F9 (Line Drive, 9, EV 105.6 MPH)
|
|
Batting: RHB Cesar Ortega
|
0-0: Ball 1-0: SINGLE (Line Drive, 8LS, EV 98.1 MPH)
|
|
Batting: RHB John Freeman
|
0-0: Ball Cesar Ortega steals 2nd base 1-0: Foul Ball, location: 2F 1-1: Swinging Strike 1-2: Ball 2-2: Fly out, F2 (Popup, 5SF, EV 85.6 MPH)
|
|
Batting: RHB Jim Miske
|
0-0: Ball Wild Pitch! Cesar Ortega to third 1-0: Foul Ball, location: 2F 1-1: DOUBLE (Line Drive, 9LM, EV 106.9 MPH) Cesar Ortega scores
|
|
Batting: RHB Gary Horgan
|
0-0: Called Strike 0-1: Ball 1-1: SINGLE (Groundball, 34D, EV 109.4 MPH) Jim Miske to third
|
|
Batting: RHB Ben Welt
|
0-0: Called Strike 0-1: Ball 1-1: Ball 2-1: SINGLE (Groundball, 6, EV 101.9 MPH) Jim Miske scores Gary Horgan to second
|
|
Batting: LHB Dean Luttman
|
0-0: Ball 1-0: Ball 2-0: Foul Ball, location: 2F 2-1: Ball 3-1: Reached on error, E5 (Groundball, 5, EV 104.4 MPH) Gary Horgan to third Ben Welt to second
|
|
Batting: RHB Bill Vives
|
0-0: Ball 1-0: Ball 2-0: Swinging Strike 2-1: Ground out U3 (Groundball, 3, EV 105.6 MPH)
|
| Bottom of the 3rd over - 2 runs, 4 hits, 1 error, 3 left on base; Lakewood 0 - Fort Wayne 2 |
| TOP OF THE 4TH |
|
Lakewood BlueClaws batting - Pitching for Fort Wayne TinCaps : RHP Derek Ziolkowski
|
|
Batting: LHB Josh George
|
0-0: Ball 1-0: Ball 2-0: Foul Ball, location: 2F 2-1: Ground out U3 (Groundball, 3, EV 81.9 MPH)
|
|
Batting: RHB Mike Maserang
|
0-0: Foul Ball, location: 2F 0-1: Ball 1-1: Ball 2-1: Foul Ball, location: 2F 2-2: Ball 3-2: Base on Balls
|
|
Batting: LHB Eric Farren
|
0-0: Ball 1-0: Called Strike 1-1: Ball 2-1: Ball 3-1: Foul Ball, location: 2F 3-2: Foul Ball, location: 2F 3-2: Fly out, F7 (Flyball, 7S, EV 89.4 MPH)
|
|
Batting: RHB Juan Valadez
|
0-0: Called Strike 0-1: DOUBLE (Line Drive, 9LS, EV 95.6 MPH) Mike Maserang to third Runner from 3rd tries for Home, throw by RF and OUT! 9-4-2
|
| Top of the 4th over - 0 runs, 1 hit, 0 errors, 1 left on base; Lakewood 0 - Fort Wayne 2 |
| BOTTOM OF THE 4TH |
|
Fort Wayne TinCaps batting - Pitching for Lakewood BlueClaws : RHP Shamar Hansford
|
|
Batting: RHB Paul Wood
|
0-0: Foul Ball, location: 2F 0-1: Foul Ball, location: 2F 0-2: Ball 1-2: Ground out 1-3 (Groundball, 34S, EV 67.5 MPH)
|
|
Batting: RHB Slamet Pamungkas
|
0-0: Ball 1-0: Fly out, F9 (Flyball, 9LMF, EV 94.4 MPH)
|
|
Batting: RHB Cesar Ortega
|
0-0: Ball 1-0: SINGLE (Groundball, 34D, EV 103.1 MPH)
|
|
Batting: RHB John Freeman
|
0-0: Ball 1-0: Swinging Strike 1-1: SINGLE (Flyball, 6D, EV 87.5 MPH) Cesar Ortega to second Runner from 2nd tries for 3rd, SAFE, throw by CF made to third
|
|
Batting: RHB Jim Miske
|
0-0: Called Strike 0-1: Foul Ball, location: 2F 0-2: Ball 1-2: Fly out, F7 (Line Drive, 7S, EV 86.2 MPH)
|
| Bottom of the 4th over - 0 runs, 2 hits, 0 errors, 2 left on base; Lakewood 0 - Fort Wayne 2 |
| TOP OF THE 5TH |
|
Lakewood BlueClaws batting - Pitching for Fort Wayne TinCaps : RHP Derek Ziolkowski
|
|
Batting: RHB Trent Hedrick
|
0-0: SOLO HOME RUN (Flyball, 7D, EV 98.8 MPH), Distance : 382 ft
|
|
Batting: RHB Danny Habermehl
|
0-0: Swinging Strike 0-1: Fly out, F8 (Flyball, 8RXD, EV 95.0 MPH)
|
|
Batting: LHB Matt Urbanek
|
0-0: Ball 1-0: Ball 2-0: Ball 3-0: Called Strike 3-1: Swinging Strike 3-2: SINGLE (Line Drive, 34D, EV 96.2 MPH)
|
|
Batting: SHB Steve DeRienzo
|
0-0: Called Strike 0-1: Foul Ball, location: 2F 0-2: Ball 1-2: Ball 2-2: Strikes out looking
|
|
Batting: RHB Alan Weller
|
Pickoff Throw to First - Out! 1-3
|
| Top of the 5th over - 1 run, 2 hits, 0 errors, 0 left on base; Lakewood 1 - Fort Wayne 2 |
| BOTTOM OF THE 5TH |
|
Fort Wayne TinCaps batting - Pitching for Lakewood BlueClaws : RHP Shamar Hansford
|
|
Batting: RHB Gary Horgan
|
0-0: Foul Ball, location: 2F 0-1: Ball 1-1: SOLO HOME RUN (Flyball, 9LD, EV 91.9 MPH), Distance : 356 ft
|
|
Batting: RHB Ben Welt
|
0-0: Ball 1-0: DOUBLE (Line Drive, 89D, EV 104.4 MPH)
|
|
Batting: LHB Dean Luttman
|
0-0: Ball 1-0: SINGLE (Line Drive, 3D, EV 96.2 MPH) Ben Welt to third Runner from 3rd tries for Home, SAFE, throw by RF to home
|
|
Batting: RHB Bill Vives
|
0-0: Grounds into double play, 6-4-3 (Groundball, 6, EV 100.0 MPH)
|
|
Batting: RHB Paul Wood
|
0-0: Foul Ball, location: 2F 0-1: Called Strike 0-2: Foul Ball, location: 2F 0-2: Ball 1-2: Ball 2-2: Strikes out swinging
|
| Bottom of the 5th over - 2 runs, 3 hits, 0 errors, 0 left on base; Lakewood 1 - Fort Wayne 4 |
| TOP OF THE 6TH |
|
Lakewood BlueClaws batting - Pitching for Fort Wayne TinCaps : RHP Derek Ziolkowski
|
|
Batting: RHB Alan Weller
|
0-0: Ground out 4-3 (Groundball, 4M, EV 105.6 MPH)
|
|
Batting: LHB Josh George
|
0-0: Called Strike 0-1: Ball 1-1: Fly out, F8 (Flyball, 8RD, EV 108.1 MPH)
|
|
Batting: RHB Mike Maserang
|
0-0: Called Strike 0-1: Foul Ball, location: 2F 0-2: Ball 1-2: Strikes out swinging, 2-3 out at first.
|
| Top of the 6th over - 0 runs, 0 hits, 0 errors, 0 left on base; Lakewood 1 - Fort Wayne 4 |
| BOTTOM OF THE 6TH |
|
Fort Wayne TinCaps batting - Pitching for Lakewood BlueClaws : RHP Shamar Hansford
|
|
Pitching: RHP John Hughes
|
|
|
Batting: RHB Slamet Pamungkas
|
0-0: Ground out 4-3 (Groundball, 4, EV 89.4 MPH)
|
|
Batting: RHB Cesar Ortega
|
0-0: Ball 1-0: Ball 2-0: Ball 3-0: Base on Balls
|
|
Batting: RHB John Freeman
|
0-0: Ball 1-0: Ball 2-0: Ball 3-0: Called Strike 3-1: Base on Balls Cesar Ortega to second
|
|
Batting: RHB Jim Miske
|
0-0: Fielders Choice at 2nd, 6-4 (Groundball, 6M, EV 82.5 MPH) Cesar Ortega to third
|
|
Batting: RHB Gary Horgan
|
0-0: Ball 1-0: Called Strike 1-1: Called Strike 1-2: Strikes out swinging
|
| Bottom of the 6th over - 0 runs, 0 hits, 0 errors, 2 left on base; Lakewood 1 - Fort Wayne 4 |
| TOP OF THE 7TH |
|
Lakewood BlueClaws batting - Pitching for Fort Wayne TinCaps : RHP Derek Ziolkowski
|
|
Batting: LHB Eric Farren
|
0-0: Ball 1-0: Ground out 6-3 (Groundball, 6, EV 85.6 MPH)
|
|
Batting: RHB Juan Valadez
|
0-0: Ball 1-0: Ground out 6-3 (Groundball, 56, EV 90.0 MPH)
|
|
Batting: RHB Trent Hedrick
|
0-0: Ball 1-0: Called Strike 1-1: SOLO HOME RUN (Flyball, 78XD, EV 102.5 MPH), Distance : 396 ft
|
|
Batting: RHB Danny Habermehl
|
0-0: Ball 1-0: Ground out 5-3 (Groundball, 56, EV 106.9 MPH)
|
| Top of the 7th over - 1 run, 1 hit, 0 errors, 0 left on base; Lakewood 2 - Fort Wayne 4 |
| BOTTOM OF THE 7TH |
|
Fort Wayne TinCaps batting - Pitching for Lakewood BlueClaws : RHP John Hughes
|
|
Pitching: RHP Alec Guglielmo
|
|
|
Batting: RHB Ben Welt
|
0-0: Ball 1-0: Called Strike 1-1: Ball 2-1: Foul Ball, location: 2F 2-2: Foul Ball, location: 2F 2-2: SOLO HOME RUN (Flyball, 7D, EV 99.4 MPH), Distance : 368 ft
|
|
Batting: LHB Dean Luttman
|
0-0: Called Strike 0-1: Ground out U3 (Groundball, 3, EV 102.5 MPH)
|
|
Batting: RHB Bill Vives
|
0-0: Ball 1-0: SINGLE (Groundball, 6MD, EV 104.4 MPH)
|
|
Batting: RHB Paul Wood
|
0-0: Called Strike 0-1: Swinging Strike 0-2: Ball 1-2: Ball 2-2: Ball 3-2: Foul Ball, location: 2F 3-2: SINGLE (Groundball, 6MS, EV 66.2 MPH) (infield hit) Bill Vives to second
|
|
Batting: RHB Slamet Pamungkas
|
0-0: Fly out, F8 (Line Drive, 78M, EV 100.6 MPH)
|
|
Batting: RHB Cesar Ortega
|
0-0: Ball 1-0: Ball 2-0: Ball 3-0: Called Strike 3-1: Swinging Strike 3-2: Foul Ball, location: 2F 3-2: Fly out, F6 (Popup, 6MD, EV 47.5 MPH)
|
| Bottom of the 7th over - 1 run, 3 hits, 0 errors, 2 left on base; Lakewood 2 - Fort Wayne 5 |
| TOP OF THE 8TH |
|
Lakewood BlueClaws batting - Pitching for Fort Wayne TinCaps : RHP Derek Ziolkowski
|
|
Pitching: RHP Brice MacKenzie
|
|
|
Batting: LHB Matt Urbanek
|
0-0: Called Strike 0-1: Called Strike 0-2: Strikes out swinging
|
|
Batting: SHB Steve DeRienzo
|
0-0: Foul Ball, location: 2F 0-1: Swinging Strike 0-2: Ball 1-2: Strikes out swinging
|
|
Batting: RHB Alan Weller
|
0-0: Swinging Strike 0-1: Foul Ball, location: 2F 0-2: Fly out, F8 (Flyball, 89D, EV 99.4 MPH)
|
| Top of the 8th over - 0 runs, 0 hits, 0 errors, 0 left on base; Lakewood 2 - Fort Wayne 5 |
| BOTTOM OF THE 8TH |
|
Fort Wayne TinCaps batting - Pitching for Lakewood BlueClaws : RHP Alec Guglielmo
|
|
Pitching: LHP Cesar Andrade
|
|
|
Batting: RHB John Freeman
|
0-0: Ball 1-0: Ball 2-0: Foul Ball, location: 2F 2-1: Ball 3-1: Ground out 5-3 (Groundball, 56, EV 100.0 MPH)
|
|
Batting: RHB Jim Miske
|
0-0: Called Strike 0-1: Ball 1-1: Foul Ball, location: 2F 1-2: Ball 2-2: Strikes out looking
|
|
Batting: RHB Gary Horgan
|
0-0: Ball 1-0: Ball 2-0: Called Strike 2-1: Foul Ball, location: 2F 2-2: Foul Ball, location: 2F 2-2: Strikes out swinging
|
| Bottom of the 8th over - 0 runs, 0 hits, 0 errors, 0 left on base; Lakewood 2 - Fort Wayne 5 |
| TOP OF THE 9TH |
|
Lakewood BlueClaws batting - Pitching for Fort Wayne TinCaps : RHP Brice MacKenzie
|
|
Pitching: LHP Manny Santiago
|
|
|
Batting: LHB Josh George
|
0-0: Swinging Strike 0-1: Foul Ball, location: 2F 0-2: Ball 1-2: Foul Ball, location: 2F 1-2: Ground out 1-3 (Groundball, 15S, EV 70.6 MPH)
|
|
Batting: RHB Mike Maserang
|
0-0: Called Strike 0-1: Ball 1-1: Foul Ball, location: 2F 1-2: Strikes out swinging
|
|
Pinch Hitting: RHB Tony Perez
|
0-0: Called Strike 0-1: Called Strike 0-2: Ball 1-2: Ball 2-2: Foul Ball, location: 2F 2-2: Foul Ball, location: 2F 2-2: Ball 3-2: TRIPLE (Line Drive, 89XD, EV 108.1 MPH)
|
|
Batting: RHB Juan Valadez
|
0-0: Ball 1-0: Foul Ball, location: 2F 1-1: Ground out 6-3 (Groundball, 6M, EV 91.9 MPH)
|
| Top of the 9th over - 0 runs, 1 hit, 0 errors, 1 left on base; Lakewood 2 - Fort Wayne 5 |
|